Map: Seeds of Aiur

Players

ILIEKEGGPIE - Winner!

  • Race: Protoss Protoss
  • League: Platinum
  • Spawn Location: 7:00

GROYER - Winner!

  • Race: Protoss Protoss
  • Spawn Location: 7:00

psidza

  • Race: Terran Terran
  • League: Gold
  • Spawn Location: 1:00

scrat

  • Race: Protoss Protoss
  • Spawn Location: 1:00

VOD

Have the link to the VOD?

Description

Time

  • Played on: May 26, 2018, 8:08 a.m.
  • Length: 16:37
Show
View Real Time Build Order
Export as new Build Order

ILIEKEGGPIE Protoss - Winner!

Build Orders: 1 Gate Expand, Phoenix Opening 

Get SALT Encoding   

  12  0:01  Probe  
  13  0:13  Probe  
  14  0:21  Pylon  
  14  0:25  Probe  
  15  0:35  Probe  
  15  0:39  Gateway  
  16  0:43  Probe  
  16  0:48  Assimilator  
  17  0:54  Probe  
  18  1:04  Assimilator  
  18  1:06  Probe  
  19  1:18  Probe  
  20  1:31  Nexus  
  20  1:45  Cybernetics Core  
  19  1:53  Probe  
  20  1:56  Assimilator  
  20  2:05  Probe  
  21  2:13  Pylon  
  21  2:17  Probe  
  22  2:23  Warp Gate  
  22  2:29  Probe  
  23  2:32  Stargate  
  23  2:35  Stalker  
  25  2:41  Probe  
  26  2:47  Probe  
  26  2:53  Probe  
  26  2:55  Probe  
  29  3:05  Probe x2  
  31  3:30  Stargate  
  31  3:31  Phoenix  
  31  3:33  Probe  
  33  3:34  Probe  
  33  3:41  Probe  
  35  3:43  Pylon  
  35  3:44  Probe  
  35  3:48  Stalker  
  39  3:50  Probe  
  39  3:52  Probe  
  40  3:57  Phoenix  
  40  4:01  Probe  
  43  4:06  Pylon, Probe  
  43  4:08  Assimilator  
  43  4:09  Probe  
  45  4:13  Phoenix, Assimilator  
  45  4:14  Probe  
  48  4:18  Probe  
  50  4:25  Probe  
  50  4:26  Probe  
  50  4:31  Phoenix  
  54  4:37  Probe  
  55  4:39  Phoenix  
  55  4:45  Probe  
  58  4:58  Shield Battery, Nexus  
  58  4:59  Phoenix  
  58  5:02  Pylon  
  58  5:07  Phoenix  
  58  5:11  Protoss Air Weapons Level 1  
  62  5:20  Stargate, Probe  
  63  5:25  Pylon  
  63  5:30  Probe  
  64  5:37  Forge  
  64  5:38  Cybernetics Core  
  64  5:41  Phoenix x2  
  68  5:43  Probe  
  68  5:46  Pylon  
  69  6:01  Assimilator  
  69  6:11  Phoenix x2, Probe  
  71  6:14  Probe  
  71  6:17  Probe  
  76  6:19  Probe  
  77  6:25  Probe  
  77  6:27  Probe x2  
  80  6:33  Protoss Shields Level 1  
  80  6:39  Probe  
  81  6:49  Phoenix x3  
  81  6:51  Probe  
  85  6:54  Probe x2  
  85  6:57  Sentry  
  87  7:14  Phoenix  
  87  7:23  Stalker  
  87  7:24  Shield Battery  
  87  7:25  Shield Battery  
  87  7:41  Nexus  
  87  7:45  Pylon  
  87  7:46  Pylon  
  87  7:56  Phoenix x2  
  87  8:02  Phoenix  
  93  8:11  Protoss Air Armor Level 1  
  93  8:14  Fleet Beacon  
  93  8:17  Phoenix  
  95  8:27  Phoenix  
  95  8:33  Shield Battery, Probe  
  97  8:37  Probe  
  97  8:40  Nexus  
  99  8:41  Probe, Pylon  
  99  8:44  Pylon x3  
  99  8:45  Pylon  
  99  8:46  Pylon  
  99  8:47  Pylon  
  100  8:49  Probe  
  101  8:57  Pylon  
  101  8:59  Assimilator  
  101  9:03  Assimilator  
  101  9:08  Assimilator  
  101  9:09  Stalker  
  103  9:15  Anion Pulse-Crystals  
  103  9:28  Protoss Air Weapons Level 2  
  103  9:44  Probe  
  103  9:46  Probe  
  103  9:47  Probe  
  103  9:51  Void Ray x3  
  103  9:52  Probe  
  106  9:58  Probe  
  106  9:59  Probe  
  121  10:10  Pylon  
  121  10:15  Pylon  
  121  10:20  Stargate  
  121  10:26  Void Ray x2  
  127  10:43  Void Ray  
  127  10:48  Probe x3  
  130  10:50  Mothership  
  142  11:05  Void Ray  
  146  11:41  Void Ray x2  
  154  11:48  Void Ray  
  154  11:54  Void Ray  
  162  12:21  Void Ray  
  166  12:42  Gateway  
  166  12:43  Gateway  
  166  12:45  Gateway, Void Ray  
  166  12:47  Carrier  
  166  12:48  Pylon  
  166  12:50  Pylon  
  166  12:52  Pylon  
  166  12:55  Void Ray x2  
  184  13:05  Gateway  
  184  13:06  Gateway  
  184  13:09  Gateway, Pylon  
  184  13:10  Pylon  
  184  13:13  Pylon  
  184  13:14  Pylon  
  184  13:15  Pylon  
  184  13:16  Pylon  
  184  13:18  Carrier x2  
  160  13:36  Carrier, Photon Cannon  
  160  13:38  Photon Cannon  
  160  13:40  Shield Battery  
  178  13:53  Gateway  
  178  13:55  Gateway  
  178  13:56  Gateway  
  178  14:04  Gateway  
  178  14:07  Gateway  
  178  14:10  Carrier  
  178  14:11  Gateway, Protoss Air Armor Level 2  
  178  14:15  Gateway x2  
  178  14:18  Gateway  
  184  14:43  Carrier, Forge  
  184  14:44  Twilight Council, Photon Cannon  
  190  14:46  Forge  
  190  14:47  Photon Cannon  
  190  14:48  Photon Cannon  
  190  14:55  Sentry x3  
  190  14:56  Adept x2  
  200  15:09  Graviton Catapult  
  200  15:20  Nexus  
  200  15:23  Pylon x2  
Show
View Real Time Build Order
Export as new Build Order

GROYER Protoss - Winner!

Build Orders:  

Get SALT Encoding   

  1  0:00  Probe  
  12  0:06  Probe  
  14  0:16  Probe  
  15  0:26  Pylon  
  15  0:44  Probe  
  15  0:47  Gateway  
  16  0:55  Probe  
  17  1:03  Probe  
  17  1:08  Assimilator  
  18  1:11  Probe  
  18  1:13  Assimilator  
  19  1:23  Pylon, Probe  
  20  1:35  Probe  
  21  1:42  Cybernetics Core  
  21  1:47  Probe  
  22  1:57  Probe  
  23  2:03  Gateway  
  23  2:21  Nexus  
  23  2:23  Adept  
  23  2:27  Probe  
  27  2:47  Probe  
  27  2:50  Adept  
  29  2:53  Adept  
  31  3:01  Probe  
  31  3:23  Pylon  
  31  3:31  Adept  
  31  3:33  Adept  
  35  3:35  Pylon  
  35  3:39  Probe  
  35  3:47  Probe  
  36  3:50  Adept  
  37  4:00  Adept  
  41  4:16  Probe  
  42  4:24  Probe  
  42  4:27  Forge  
  42  4:29  Robotics Facility  
  43  4:34  Probe  
  44  4:46  Probe  
  45  4:58  Probe  
  44  5:10  Adept  
  44  5:11  Adept  
  44  5:12  Protoss Ground Armor Level 1  
  48  5:21  Robotics Facility  
  48  5:23  Robotics Facility  
  48  5:24  Probe  
  48  5:25  Robotics Facility  
  48  5:26  Probe  
  49  5:31  Assimilator  
  49  5:32  Assimilator  
  49  5:35  Probe  
  50  5:36  Probe  
  50  5:37  Observer  
  53  5:48  Probe  
  54  5:57  Nexus  
  54  6:00  Probe  
  54  6:01  Probe  
  55  6:09  Probe  
  55  6:10  Probe  
  58  6:18  Probe  
  58  6:19  Probe  
  60  6:26  Probe, Robotics Bay  
  60  6:31  Probe  
  62  7:07  Protoss Shields Level 1  
  76  7:08  Immortal x3, Probe x2  
  76  7:10  Immortal  
  76  7:11  Pylon  
  74  7:29  Pylon  
  70  7:32  Pylon  
  64  7:40  Probe  
  65  7:47  Colossus x2  
  65  7:48  Immortal, Probe  
  65  7:49  Assimilator  
  81  7:51  Assimilator  
  81  7:52  Probe  
  81  7:58  Probe  
  83  8:04  Probe  
  85  8:10  Probe  
  85  8:12  Colossus  
  86  8:16  Probe  
  93  8:22  Probe  
  93  8:23  Probe  
  93  8:26  Extended Thermal Lance  
  95  8:27  Colossus  
  101  8:36  Pylon  
  101  8:45  Pylon  
  101  8:47  Pylon  
  101  8:48  Pylon  
  101  8:49  Pylon  
  101  8:52  Pylon  
  101  8:54  Colossus, Probe  
  108  9:01  Protoss Ground Weapons Level 1  
  108  9:03  Probe  
  108  9:07  Forge  
  109  9:11  Probe  
  109  9:16  Colossus  
  116  9:18  Colossus  
  116  9:21  Probe  
  123  9:25  Stalker  
  125  9:32  Twilight Council  
  125  9:33  Probe  
  125  9:37  Colossus  
  132  9:45  Stalker, Probe  
  135  9:55  Stalker  
  135  9:57  Pylon  
  135  9:58  Pylon  
  135  9:59  Pylon  
  137  10:04  Gateway  
  137  10:05  Probe  
  137  10:13  Probe  
  138  10:15  Stalker, Immortal  
  138  10:17  Immortal  
  138  10:21  Immortal  
  153  10:22  Probe  
  154  10:34  Probe  
  145  10:46  Probe  
  146  10:56  Stalker x3  
  152  11:26  Stalker x3  
  122  11:56  Stalker x3  
  93  12:20  Protoss Ground Armor Level 2  
  93  12:21  Colossus x2, Protoss Shields Level 2  
  99  12:23  Immortal x2  
  99  12:26  Stalker x3  
  101  12:55  Gateway  
  101  12:56  Stalker x3  
  107  12:58  Gateway  
  107  12:59  Nexus  
  107  13:02  Assimilator, Observer x2  
  107  13:03  Gateway  
  107  13:04  Assimilator  
  109  13:08  Charge  
  109  13:09  Gateway  
  109  13:10  Gateway  
  107  13:26  Stalker, Zealot x2  
  111  13:44  Stalker  
  111  13:45  Stalker  
  115  13:49  Stalker  
  115  13:53  Stalker, Zealot  
  121  13:56  Stalker x2  
  121  14:00  Stalker  
  127  14:07  Observer  
  127  14:08  Observer x2  
  130  14:14  Stalker  
  130  14:15  Stalker  
  134  14:19  Stalker  
  134  14:20  Stalker  
  134  14:23  Stalker  
  140  14:26  Stalker x2  
  140  14:27  Colossus  
  140  14:29  Stalker  
  152  14:32  Immortal  
  156  14:44  Stalker  
  158  14:45  Stalker  
  158  14:49  Stalker  
  158  14:50  Stalker, Observer x2  
  166  14:53  Stalker  
  166  14:56  Stalker x2  
  166  14:59  Stalker  
  174  15:01  Probe  
  175  15:13  Immortal, Probe  
  175  15:14  Stalker  
  180  15:15  Stalker, Immortal  
  188  15:58  Pylon x2  
  188  15:59  Pylon  
  188  16:03  Probe, Pylon  
  188  16:04  Pylon  
  188  16:06  Pylon x2  
  188  16:09  Pylon  
  188  16:16  Probe  
Show
View Real Time Build Order
Export as new Build Order

psidza Terran 

Build Orders:  

Get SALT Encoding   

  12  0:01  SCV  
  13  0:14  SCV  
  14  0:33  SCV  
  15  0:36  Supply Depot  
  15  0:38  Refinery  
  15  0:58  SCV  
  15  1:00  Barracks  
  16  1:10  SCV  
  17  1:22  SCV  
  18  1:34  SCV  
  19  1:46  SCV  
  20  1:50  Reaper, Supply Depot  
  21  1:59  SCV  
  22  2:13  Orbital Command, Factory  
  22  2:29  Barracks Reactor  
  22  2:38  Command Center  
  22  2:42  SCV  
  23  2:52  Supply Depot  
  23  2:53  Supply Depot  
  23  2:54  SCV  
  24  3:06  SCV  
  25  3:18  SCV  
  25  3:30  SCV  
  26  3:41  Command Center  
  26  3:45  Cyclone x2  
  32  3:50  Refinery  
  32  3:52  SCV  
  33  4:02  Orbital Command  
  33  4:04  SCV  
  34  4:16  SCV  
  35  4:17  Cyclone  
  38  4:28  SCV  
  39  4:32  SCV  
  40  4:39  Cyclone  
  40  4:40  SCV  
  40  4:44  SCV  
  45  4:52  SCV  
  46  4:56  SCV  
  46  4:57  Refinery  
  46  4:59  Refinery  
  47  5:04  SCV  
  47  5:05  Orbital Command  
  48  5:07  Cyclone  
  48  5:09  SCV  
  48  5:11  Cyclone  
  55  5:16  SCV  
  55  5:21  SCV  
  57  5:28  SCV  
  57  5:33  SCV  
  59  5:39  Cyclone  
  59  5:40  SCV  
  63  5:43  Cyclone  
  63  5:45  SCV  
  63  5:48  SCV  
  68  5:53  SCV  
  66  5:57  Engineering Bay, SCV  
  66  6:00  SCV  
  65  6:05  SCV  
  65  6:09  SCV  
  66  6:12  SCV  
  66  6:17  SCV  
  68  6:19  Cyclone x2  
  68  6:21  SCV  
  68  6:25  SCV  
  76  6:29  SCV  
  77  6:36  Barracks  
  77  6:37  Barracks  
  77  6:38  SCV x2  
  77  6:40  Supply Depot  
  77  6:41  Supply Depot x2, SCV  
  77  6:42  Barracks, Supply Depot  
  77  6:43  Supply Depot  
  70  6:50  SCV  
  47  7:21  SCV x2  
  47  7:22  SCV  
  44  7:33  SCV  
  44  7:34  SCV x2  
  38  7:44  Missile Turret  
  38  7:50  SCV x2  
  38  7:51  SCV  
  41  7:58  Missile Turret  
  41  8:02  Barracks Reactor x2, SCV x2, Barracks Tech Lab  
  41  8:03  Barracks Reactor, SCV  
  44  8:09  Starport  
  44  8:11  Starport  
  44  8:14  SCV x2  
  44  8:15  SCV  
  47  8:26  SCV  
  47  8:27  SCV x2  
  50  8:38  SCV  
  50  8:39  SCV x2  
  53  8:51  SCV x3  
  53  8:55  Marine x5  
  58  8:56  Marine x2  
  58  8:58  Stimpack  
  63  9:03  SCV x3  
  66  9:13  Marine x6  
  66  9:14  Marine  
  73  9:18  Starport Reactor  
  73  9:25  Starport Reactor  
  73  9:27  SCV  
  73  9:30  Marine  
  73  9:31  Marine x6  
  77  9:37  Refinery x2  
  81  9:39  SCV  
  82  9:48  Marine x2  
  82  9:49  Marine x5  
  89  10:02  Engineering Bay  
  89  10:04  Engineering Bay  
  89  10:06  Marine x3  
  89  10:07  Marine x4  
  92  10:10  Armory  
  92  10:13  Medivac x4  
  104  10:24  Marine x4  
  104  10:25  Marine x3  
  111  10:42  Marine x2  
  117  10:51  Marine  
  117  10:55  Medivac  
  116  10:59  Combat Shields  
  116  11:01  Barracks Tech Lab  
  116  11:07  Barracks Tech Lab x2  
  116  11:20  Supply Depot  
  116  11:21  Supply Depot x2  
  116  11:22  Supply Depot  
  109  11:36  Medivac  
  109  11:37  Marauder  
  107  11:42  Medivac x2  
  107  11:43  Marauder  
  107  11:44  Marauder x2  
  107  11:45  Supply Depot x2  
  116  11:58  Marauder  
  117  12:05  Marauder  
  117  12:06  Marauder  
  117  12:07  Marauder  
  119  12:09  Supply Depot  
  119  12:20  Marauder  
  121  12:25  Medivac x2  
  121  12:26  Marauder, Medivac x2  
  121  12:27  Marauder  
  133  12:31  Marauder  
  135  12:41  Marauder  
  137  12:47  Command Center  
  137  12:48  Marauder  
  137  12:49  Marauder  
  141  13:00  Supply Depot  
  141  13:01  Supply Depot x3  
  141  13:02  Supply Depot  
  141  13:06  Supply Depot  
  141  13:07  Supply Depot  
  141  13:09  Supply Depot  
  141  13:10  Marine  
  141  13:11  Supply Depot  
  142  13:13  Marauder  
  142  13:14  Marauder x2  
  112  13:26  Supply Depot  
  81  13:29  Supply Depot x2  
  65  13:35  Marauder x2  
  69  13:51  Barracks  
  69  13:56  Barracks  
  69  14:02  Command Center  
  69  14:11  Marauder x4  
  77  14:21  Terran Infantry Weapons Level 1  
  77  14:22  Terran Infantry Armor Level 1  
  77  14:30  SCV x2  
  79  14:32  Marauder x3  
  79  14:33  Marauder  
  79  14:35  Concussive Shells  
  87  14:40  Barracks  
  87  14:42  SCV x2  
  87  14:43  Barracks Reactor x2  
  89  14:45  Barracks  
  89  14:53  Marauder  
  89  14:54  Marauder x3, SCV x2  
  99  15:06  SCV x2  
  101  15:08  Medivac x2  
  101  15:09  Medivac  
  101  15:10  Medivac  
  109  15:15  Marauder x4  
  109  15:18  SCV x2  
  109  15:19  Marine x2  
  109  15:20  Marine x2  
  123  15:30  Barracks Reactor  
  123  15:36  Marine x4  
  123  15:37  Marine x2  
  123  15:38  Barracks Reactor, Marine x2  
  131  15:54  Marine x4  
  131  15:55  Marine x3  
  131  15:56  Marine  
  139  16:09  Marine x2  
  141  16:11  Marine  
  141  16:12  Marine x4  
  141  16:13  Marine x3  
Show
View Real Time Build Order
Export as new Build Order

scrat Protoss 

Build Orders:  

Get SALT Encoding   

  12  0:01  Probe  
  13  0:13  Probe  
  14  0:19  Pylon  
  14  0:25  Probe  
  15  0:34  Probe  
  15  0:42  Probe  
  16  0:43  Forge  
  17  0:53  Probe, Pylon  
  18  1:05  Probe  
  19  1:18  Probe  
  20  1:20  Photon Cannon  
  20  1:30  Probe  
  21  1:42  Probe  
  22  1:56  Nexus  
  22  2:06  Photon Cannon  
  22  2:13  Probe  
  23  2:19  Assimilator, Gateway  
  23  2:28  Assimilator  
  23  2:29  Pylon  
  24  2:37  Probe  
  24  2:44  Pylon  
  24  2:53  Probe  
  25  3:00  Gateway  
  25  3:01  Probe  
  25  3:10  Probe  
  26  3:14  Probe  
  26  3:15  Cybernetics Core  
  26  3:16  Pylon  
  28  3:27  Probe  
  28  3:29  Probe  
  30  3:35  Probe  
  30  3:36  Photon Cannon  
  30  3:37  Warp Gate  
  30  3:41  Probe  
  32  3:46  Probe  
  32  3:48  Photon Cannon  
  32  3:53  Probe  
  34  3:59  Protoss Ground Weapons Level 1  
  34  4:04  Sentry x2  
  38  4:14  Gateway  
  38  4:16  Probe  
  39  4:17  Assimilator, Probe  
  39  4:21  Assimilator  
  40  4:26  Photon Cannon  
  39  4:35  Gateway  
  39  4:37  Stalker  
  41  4:42  Probe x2  
  41  4:50  Probe x2  
  43  4:55  Twilight Council  
  45  5:01  Robotics Facility  
  45  5:06  Probe, Pylon  
  45  5:08  Probe  
  45  5:09  Pylon  
  45  5:11  Charge  
  47  5:25  Gateway  
  47  5:27  Gateway  
  47  5:29  Gateway  
  47  5:31  Gateway  
  47  5:44  Protoss Shields Level 1  
  47  5:58  Dark Shrine  
  47  6:06  Stalker  
  47  6:10  Stalker  
  51  6:19  Photon Cannon  
  51  6:27  Zealot x2  
  51  6:31  Probe x2  
  57  6:43  Probe x2  
  57  6:45  Nexus  
  57  6:51  Stalker x4  
  57  6:52  Stalker x2  
  69  7:03  Stalker  
  69  7:06  Blink  
  69  7:21  Probe x2  
  69  7:48  Protoss Ground Weapons Level 2, Probe x2  
  71  7:53  Dark Templar x3  
  71  7:55  Dark Templar  
  79  7:58  Assimilator x2  
  79  8:00  Probe  
  79  8:03  Pylon  
  79  8:04  Pylon  
  80  8:07  Pylon  
  80  8:14  Archon x2  
  80  8:18  Observer  
  81  8:22  Zealot x3  
  87  8:35  Probe  
  87  8:36  Probe x2, Forge  
  87  8:39  Warp Prism  
  92  8:46  Stalker x2, Photon Cannon  
  96  8:55  Dark Templar x3  
  102  9:09  Photon Cannon  
  102  9:14  Protoss Shields Level 2, Photon Cannon x2  
  102  9:16  Photon Cannon  
  102  9:19  Photon Cannon  
  102  9:29  Probe x3  
  105  9:41  Probe x2  
  105  9:45  Photon Cannon  
  107  9:47  Photon Cannon, Dark Templar x2  
  107  9:51  Archon x2, Photon Cannon  
  111  10:10  Dark Templar x2  
  111  10:12  Zealot x3  
  121  10:15  Archon  
  80  10:47  Dark Templar x6  
  80  10:49  Dark Templar  
  80  10:51  Archon x2  
  80  10:52  Archon  
  80  11:20  Dark Templar x4  
  66  11:42  Dark Templar x2  
  66  11:43  Protoss Ground Weapons Level 3, Dark Templar  
  70  11:53  Dark Templar  
  70  11:59  Protoss Shields Level 3  
  61  12:23  Archon  
  61  12:24  Nexus  
  61  12:57  Pylon  
  61  13:01  Pylon  
  61  13:02  Probe x2  
  61  13:04  Photon Cannon  
  63  13:15  Dark Templar  
  63  13:16  Dark Templar x3  
  63  13:17  Zealot x2  
  75  13:29  Archon  
  75  13:31  Archon  
  75  13:37  Probe x2  
  75  13:40  Probe  
  78  13:45  Stalker x2  
  78  13:48  Observer  
  83  13:49  Probe  
  83  13:50  Probe  
  83  13:52  Probe  
  86  14:10  Stalker x3  
  86  14:11  Stalker x3  
  86  14:13  Assimilator, Pylon  
  98  14:20  Assimilator, Nexus  
  98  14:25  Protoss Ground Armor Level 1  
  98  14:26  Pylon  
  98  14:33  Observer  
  99  14:41  Stalker x6  
  111  14:51  Gateway  
  111  14:53  Gateway  
  111  15:05  Dark Templar x3  
  111  15:06  Dark Templar x2  
  121  15:09  Dark Templar  
  121  15:12  Archon x2  
  121  15:14  Archon  
  122  15:44  Photon Cannon x2  
  122  15:46  Photon Cannon  
  122  15:47  Photon Cannon  
  122  15:49  Pylon  
  122  15:52  Pylon  
  122  15:56  Dark Templar  
  122  15:57  Dark Templar x4  
Tags
 
Add a new tag
Caveats
  • Supply blocks, unpowered buildings, or Contaminate may cause inaccurate times.
  • Supply counts are checked every 10 seconds.